 Dungeon Crawl Stone Soup version 0.31-a0-219-g8d62b2e7bb (webtiles) character file.

Game seed: 7667067661972074079

151 Zonian the Chiller (level 5, -2/28 HPs)
             Began as a Deep Elf Ice Elementalist on July 4, 2023.
             Slain by a sleepcap (16 damage)
             ... on level 4 of the Dungeon.
             The game lasted 00:06:23 (3361 turns).

Zonian the Chiller (Deep Elf Ice Elementalist)      Turns: 3361, Time: 00:06:24

Health: -2/28      AC:  3    Str:  5    XL:     5   Next: 10%
Magic:  11/13      EV:  2    Int: 22    God:
Gold:   164        SH:  0    Dex: 15    Spells: 8/12 levels left

rFire   . . .        h - +0 sling
rCold   . . .        (no shield)
rNeg    . . .        a - +0 robe
rPois   .            (no helmet)
rElec   .            (no cloak)
rCorr   .            (no gloves)
SInv    .            c - +0 pair of boots
Will    .....        l - amulet of magic regeneration
Stlth   +++          (no ring)
HPRegen 0.24/turn    (no ring)
MPRegen 0.53/turn

%: no passive effects
@: sleeping, freezing walls
A: no striking features
a: no special abilities


You were on level 4 of the Dungeon.
You visited 1 branch of the dungeon, and saw 4 of its levels.

You collected 164 gold pieces.

Inventory:

Hand Weapons
 h - a +0 sling (weapon)
Armour
 a - a +0 robe (worn)
 c - a +0 pair of boots (worn)
Jewellery
 l - an amulet of magic regeneration (around neck)
Wands
 m - a wand of charming (2)
Scrolls
 e - 2 scrolls of noise {unknown}
 g - a scroll of identify
 i - a scroll of acquirement {unknown}
 k - a scroll of enchant weapon {unknown}
 n - a scroll of fear {unknown}
 p - a scroll of blinking
 q - a scroll of teleportation
Potions
 b - 2 potions of magic
 d - a potion of berserk rage
 f - 3 potions of attraction
 j - a potion of curing
 o - a potion of enlightenment {unknown}


   Skills:
 + Level 3.8 Dodging
 + Level 4.0 Stealth
 + Level 4.3 Spellcasting
 + Level 5.2 Ice Magic


You had 8 spell levels left.
You knew the following spells:

 Your Spells              Type           Power      Damage    Failure   Level
a - Freeze                Ice            100%       1d10      1%          1
b - Frozen Ramparts       Ice            54%        1d9       3%          3

Your spell library contained the following spells:

 Spells                   Type           Power      Damage    Failure   Level
 Ozocubu's Armour         Ice            27%        N/A       3%          3
 Stone Arrow              Conj/Erth      8%         3d7       32%         3
 Summon Ice Beast         Ice/Summ       16%        N/A       36%         4
 Animate Armour           Summ/Erth      8%         N/A       71%         4
 Lehudib's Crystal Spear  Conj/Erth      2%         10d2      100%        8


Dungeon Overview and Level Annotations

Branches:
Dungeon (4/15)
 Temple: D:4-7

Altars:

Annotations:
D:4 Dowan, Duvessa


Message History

Duvessa is nearby!
Unknown command.
Found a stone staircase leading down.
A sleepcap comes into view.
Casting: Freeze (safe; 1% risk of failure)
Confirm with . or Enter, or press ? or * to list all spells.
Aiming: Freeze (safe; 1% risk of failure)
Press: ? - help, Shift-Dir - straight line, f - sleepcap
Aim: a sleepcap You freeze the sleepcap!
The sleepcap is moderately damaged.
The sleepcap releases spores at you!
Unknown command.
Casting: Freeze (safe; 1% risk of failure)
Confirm with . or Enter, or press ? or * to list all spells.
Aiming: Freeze (safe; 1% risk of failure)
Press: ? - help, Shift-Dir - straight line, f/p - sleepcap
Aim: a sleepcap (moderately damaged)
You freeze the sleepcap!
The sleepcap is severely damaged.
The sleepcap misses you.
A jackal comes into view.
Casting: Freeze (safe; 1% risk of failure)
Confirm with . or Enter, or press ? or * to list all spells.
Casting: Frozen Ramparts (dangerous; 3% risk of failure)
Press: ? - help, Dir - look around, f - activate The walls around you are covered in ice.
The jackal barks!
The wall freezes the sleepcap!
The sleepcap barely misses you.
A jackal comes into view.
Unknown command.
The wall freezes the sleepcap but does no damage.
The sleepcap barely misses you.
The wall freezes the sleepcap.
The sleepcap releases spores at you!
You are engulfed in a cloud of soporific spores!
You fall asleep.
The wall freezes the jackal.
The wall freezes the sleepcap.
The sleepcap releases spores at you!
Ouch! That really hurt!
You die...

#..#....... .#
#.......... .. ..
........... ...#.
#.........). ...#..
.#..........< ....
#............#
#..####.............#
##.....h..........##.#
#....@f.##..:.#... ..#
#...##.###..###.... <..
#.##..#..###...##........
..###........#.......###.
.#.....##...#####..##e .
.......####.##.#...e.. #
##..#..###......... . .
#...#..##...##..### .
............#..##


You could see a sleepcap and a jackal.

Vanquished Creatures
  A hound (D:3)
  A gnoll (D:2)
  7 adders
  2 worms
  A dart slug (D:1)
  2 orcs
  4 bats
  2 endoplasms
  A giant cockroach (D:4)
  5 goblins
  3 hobgoblins
  5 ball pythons
  5 frilled lizards
  A kobold (D:2)
  3 rats
43 creatures vanquished.

Notes
Turn   | Place    | Note
-------+----------+-------------------------------------------
     0 | D:1      | Zonian the Deep Elf Ice Elementalist began the quest for
                  | the Orb.
     0 | D:1      | Reached XP level 1. HP: 10/10 MP: 6/6
   803 | D:2      | Reached XP level 2. HP: 15/15 MP: 8/8
  1505 | D:2      | Reached XP level 3. HP: 19/19 MP: 10/10
  1509 | D:2      | Learned a level 3 spell: Frozen Ramparts
  1905 | D:3      | Reached XP level 4. HP: 24/24 MP: 9/11
  2516 | D:3      | Reached skill level 5 in Ice Magic
  3044 | D:4      | Noticed Dowan
  3146 | D:4      | Reached XP level 5. HP: 25/28 MP: 10/13
  3348 | D:4      | Noticed Duvessa
  3361 | D:4      | Slain by a sleepcap

Illustrated notes

Levels and vault maps discovered:
D:1:      minmay_arrival_three_doors, layout_basic, serial_corexii_hall,
          corexii_hall_statues_u, chequers_hall_statues_wall_a
D:2:      layout_loops_ring, dreamdust_ecumenical_altar_hidden_monk_grotto,
          serial_glass, glass_columns_a, glass_columns_a, minmay_rat_hole
D:3:      layout_basic, kennysheep_doodads
D:4:      layout_cave_pools, minitemple, uniq_duvessa

Skill      XL: |  1  2  3  4  5 |
---------------+----------------+-----
Stealth        | 3 4 |  4.0
Dodging        | 3 |  3.8
Spellcasting   | 4 |  4.3
Ice Magic      | 5 |  5.2

Action                     |  1- 3 |  4- 6 || total
---------------------------+-------+-------++-------
   Fire: Sling             |    51 |    60 ||   111
   Cast: Freeze            |    17 |    18 ||    35
         Frozen Ramparts   |       |     2 ||     2
    Use: Scroll            |     3 |     2 ||     5
         Potion            |       |     1 ||     1
 Armour: Robe              |     6 |     4 ||    10
  Dodge: Dodged            |    20 |    26 ||    46

Table legend: (Time is in decaauts)
 A = Elapsed time spent in this place.
 B = Non-inter-level travel time spent in this place.
 C = Inter-level travel time spent in this place.
 D = Time resting spent in this place.
 E = Time spent auto-exploring this place.
 F = Levels seen in this place.
 G = Mean time per level.
                   A        B        C        D        E       F      G
               +--------+--------+--------+--------+--------+-----+--------+
         Total |   3404 |   3325 |     79 |   1373 |   1355 |   4 |  851.0 |
       Dungeon |   3404 |   3325 |     79 |   1373 |   1355 |   4 |  851.0 |
               +--------+--------+--------+--------+--------+-----+--------+

Top non-repeatable levels by time:
     D:3: 1174 daAuts
     D:2: 1140 daAuts
     D:1: 801 daAuts
     D:4: 288 daAuts
